 Dungeon Crawl Stone Soup version 0.30-a0-939-gc8157cb160 (webtiles) character file.

Game seed: 6337260250241166595

2524 Gwe the Cleaver (level 9, 0/75 HPs)
             Began as a Minotaur Fighter on Mar 25, 2023.
             Succumbed to an orange demon's poison
             ... on level 9 of the Dungeon.
             The game lasted 00:15:20 (5169 turns).

Gwe the Cleaver (Minotaur Fighter)                  Turns: 5169, Time: 00:15:20

Health: 0/75       AC: 19    Str: 24    XL:     9   Next: 29%
Magic:  8/8        EV:  7    Int:  5    God:
Gold:   345        SH: 10    Dex: 11    Spells: 8/8 levels left

rFire   . . .      SeeInvis .    a - +3 war axe
rCold   . . .      Faith    .    c - +0 buckler
rNeg    . . .      Spirit   .    K - +0 plate armour
rPois   .          Reflect  +    (helmet restricted)
rElec   .          Rampage  .    w - +1 cloak
rCorr   .                        (no gloves)
Will    +....                    (no boots) Stlth
                                 b - amulet of reflection
HPRegen 0.32/turn                k - +4 ring of protection
MPRegen 0.11/turn                n - ring of willpower

@: mighty, lethally poisoned (0 -> -16)
A: horns 2, retaliatory headbutt
a: no special abilities


You were on level 9 of the Dungeon.
You visited 1 branch of the dungeon, and saw 8 of its levels.

You collected 345 gold pieces.

Inventory:

Hand Weapons
 a - a +3 war axe (weapon)
 g - a +0 hand axe of flaming
 h - a +4 morningstar
 s - the +7 quarterstaff "Abbokh" {flame, rPois rN+}
   (You found it on level 2 of the Dungeon)

   rPois:     It protects you from poison.
   rN:        It protects you from negative energy.
 N - a +0 flail of holy wrath
Missiles
 j - 15 poisoned darts (quivered)
 G - a throwing net
 J - 4 curare-tipped darts
 L - 3 boomerangs of dispersal
Armour
 c - a +0 buckler (worn)
 w - a +1 cloak (worn)
 I - a +2 scale mail of fire resistance
 K - a +0 plate armour (worn)
Magical Staves
 r - a staff of conjuration
Jewellery
 b - an amulet of reflection (around neck)
 k - a +4 ring of protection (left hand)
 n - a ring of willpower (right hand)
Wands
 v - a wand of flame (40)
 M - a wand of roots (5)
Scrolls
 e - 3 scrolls of identify {unknown}
 i - a scroll of noise {unknown}
 l - a scroll of poison {unknown}
 m - a scroll of acquirement {unknown}
 o - 3 scrolls of enchant armour
 q - a scroll of immolation {unknown}
 t - a scroll of teleportation
 y - a scroll of brand weapon {unknown}
 A - a scroll of enchant weapon {unknown}
 B - a scroll of vulnerability {unknown}
Potions
 f - 2 potions of brilliance {unknown}
 p - 4 potions of curing {unknown}
 u - a potion of flight {unknown}
 z - 3 potions of degeneration {unknown}
 C - 2 potions of haste {unknown}
 D - a potion of lignification {unknown}
 E - a potion of mutation {unknown}
 F - 2 potions of attraction {unknown}
Miscellaneous
 H - a piece from Xom's chessboard (15/15)


   Skills:
 + Level 6.0 Fighting
 * Level 11.6 Axes
 + Level 6.8 Armour
 + Level 2.2 Dodging
 + Level 6.7 Shields


You had 8 spell levels left.
You didn't know any spells.
Your spell library contained the following spells:

 Spells                   Type           Power      Damage    Failure   Level
 Shock                    Conj/Air       0%         1d3       100%        1
 Blink                    Tloc           0%         N/A       100%        2
 Lesser Beckoning         Tloc           0%         N/A       100%        2
 Momentum Strike          Conj/Tloc      0%         3d8       100%        2
 Ignite Poison            Fire/Tmut/Pois 0%         N/A       100%        3
 Swiftness                Air            0%         N/A       100%        3
 Airstrike                Air            0%         2d(0-16)  100%        4
 Sticky Flame             Conj/Fire      0%         2d3       100%        4
 Ignition                 Fire           0%         3d3       100%        8


Dungeon Overview and Level Annotations

Branches:
Dungeon (7/15)
 Temple: D:4-7

Altars:


Innate Abilities, Weirdness & Mutations

You have a pair of horns on your head.
You reflexively headbutt those who attack you in melee.


Message History

The kobold demonologist is moderately wounded.
You slash the kobold brigand!
You kill the kobold brigand!
You closely miss the orc warrior. You hit the orc. You slash the orc!
You kill the orc!
You block the kobold demonologist's attack.
The orc hits you but does no damage.
The orc warrior hits you with a +0 mace.
* * * LOW HITPOINT WARNING * * *
The orange demon stings you from afar.
* * * LOW HITPOINT WARNING * * *
You slice the kobold demonologist!!
The kobold demonologist is almost dead.
You hit the orc.
You kill the orc!
You closely miss the orc warrior.
The kobold demonologist hits you but does no damage.
You block the orc warrior's attack. The orange demon stings you from afar.
* * * LOW HITPOINT WARNING * * *
You are lethally poisoned!
The orange demon poisons you!
You slash the kobold demonologist!
You kill the kobold demonologist!
The orange demon disappears in a puff of smoke!
You hit the orc warrior.
* * * LOW HITPOINT WARNING * * *
You feel very sick.
The orc priest calls upon Beogh to heal the orc warrior.
The orc warrior is healed somewhat.
The orc warrior barely misses you.
Your Fighting skill increases to level 6!
* * * LOW HITPOINT WARNING * * *
You feel very sick.
The orc priest looks braver for a moment.
The orc warrior hits you but does no damage.
Things that are here:
a +0 dagger; a +0 robe; a kobold corpse You hit the orc priest.
The orc priest is moderately wounded.
You slash the orc warrior!
You die...

######## #..$.o)##
###########"###>@o#
............##))...#
.#######.####...§.§....
#...#.........###
#.⌠.###........( #...#
#......#### ##.##
..#....# #.# #######.#
#.#


You could see an orc warrior and an orc priest.

Vanquished Creatures
  2 kobold demonologists (D:9)
  A steam dragon (D:6)
  Edmund (D:6)
  A water moccasin (D:5)
  2 orc warriors
  A black bear (D:5)
  An ogre (D:5)
  2 phantoms (D:5)
  A centaur (D:6)
  3 kobold brigands
  A scorpion (D:4)
  4 wights
  2 hounds
  Crazy Yiuf (D:3)
  4 orc priests
  Natasha (thrice) (D:3)
  A sleepcap (D:5)
  An iguana (D:5)
  An orc wizard (D:6)
  9 adders
  A shadow imp (D:5)
  A white imp (D:5)
  2 ufetubi (D:5)
  2 worms (D:3)
  2 dart slugs
  19 orcs
  7 bats
  10 endoplasms
  2 giant cockroaches
  9 goblins
  5 hobgoblins
  6 jackals
  6 quokkas
  5 ball pythons
  4 frilled lizards
  11 kobolds
  4 rats (D:1)
138 creatures vanquished.

Vanquished Creatures (others)
  2 fungi (D:3)
2 creatures vanquished.

Grand Total: 140 creatures vanquished

Notes
Turn   | Place    | Note
-------+----------+-------------------------------------------
     0 | D:1      | Gwe the Minotaur Fighter began the quest for the Orb.
     0 | D:1      | Reached XP level 1. HP: 19/19 MP: 0/0
   143 | D:1      | Reached XP level 2. HP: 24/27 MP: 1/1
   346 | D:1      | Reached skill level 3 in Axes
   355 | D:1      | Found a faded altar of an unknown god.
   626 | D:1      | Reached XP level 3. HP: 28/33 MP: 2/2
   972 | D:2      | Reached skill level 4 in Axes
  1204 | D:2      | Reached XP level 4. HP: 37/40 MP: 3/3
  1360 | D:2      | Identified the +7 quarterstaff "Abbokh" {flame, rPois rN+}
  1759 | D:3      | Noticed Natasha
  1765 | D:3      | Killed Natasha
  1766 | D:3      | Reached skill level 5 in Axes
  1766 | D:3      | Reached XP level 5. HP: 46/46 MP: 4/4
  1870 | D:3      | Found a runed translucent door.
  1871 | D:3      | Noticed Crazy Yiuf
  1875 | D:3      | Killed Crazy Yiuf
  1960 | D:3      | Noticed Natasha
  1961 | D:3      | Killed Natasha
  2010 | D:3      | Noticed Natasha
  2017 | D:3      | Killed Natasha
  2018 | D:3      | Reached skill level 1 in Dodging
  2481 | D:4      | Reached skill level 6 in Axes
  2541 | D:5      | Entered Level 5 of the Dungeon
  2798 | D:4      | Reached XP level 6. HP: 51/53 MP: 5/5
  3255 | D:5      | Reached skill level 7 in Axes
  3377 | D:5      | Reached XP level 7. HP: 60/60 MP: 6/6
  3461 | D:5      | Reached skill level 5 in Armour
  3521 | D:5      | Reached skill level 8 in Axes
  3761 | D:5      | Reached skill level 5 in Shields
  4116 | D:5      | Reached skill level 9 in Axes
  4138 | D:5      | Reached XP level 8. HP: 52/67 MP: 7/7
  4152 | D:5      | Reached skill level 5 in Fighting
  4682 | D:5      | Reached skill level 10 in Axes
  4898 | D:6      | Noticed Edmund
  4971 | D:6      | Killed Edmund
  5026 | D:6      | You fall into a shaft and drop 3 floors!
  5152 | D:9      | Noticed a kobold demonologist
  5153 | D:9      | Noticed a kobold demonologist
  5160 | D:9      | Noticed a red devil
  5161 | D:9      | Killed a kobold demonologist
  5162 | D:9      | Reached skill level 11 in Axes
  5162 | D:9      | Reached XP level 9. HP: 26/75 MP: 8/8
  5165 | D:9      | Noticed an orange demon
  5167 | D:9      | Killed a kobold demonologist
  5168 | D:9      | HP: 3/75 [poisoned by an orange demon]
  5169 | D:9      | Succumbed to an orange demon's poison

Illustrated notes

Levels and vault maps discovered:
D:1:      dpeg_arrival_subterranean_lakeside_camping, layout_loops_ring,
          ebering_ecumenical_altar_rust
D:2:      layout_basic
D:3:      layout_basic, uniq_natasha, uniq_crazy_yiuf_cottage
D:4:      layout_loops_ring
D:5:      cheibrodos_thug_alley, layout_loops_corners,
          hellmonk_bongcloud_opening
D:6:      layout_cave_pools, mainiacjoe_overflow_alcove_2, uniq_prince_ribbit1,
          uniq_edmund
D:7:      cheibrodos_steamvent, layout_gridville,
          mainiacjoe_overflow_surrounded_room, minmay_temple_entry_ruins
D:9:      layout_loops_ring, kennysheep_little_box, elyvilon_altar_1,
          enter_bailey_1

Skill      XL: |  1  2  3  4  5  6  7  8  9 |
---------------+----------------------------+-----
Axes           | 3 4 5 6 7 9 11 | 11.6
Shields        | 4 5 6 |  6.7
Fighting       | 4 5 6 |  6.0
Armour         | 4 5 6 |  6.8
Dodging        | 1 2 |  2.2

Action                     |  1- 3 |  4- 6 |  7- 9 || total
---------------------------+-------+-------+-------++-------
  Melee: War axe           |    98 |   111 |   174 ||   383
         Headbutt          |     7 |    17 |    28 ||    52
    Use: Scroll            |       |     2 |     2 ||     4
         Potion            |       |       |     1 ||     1
 Armour: Scale mail        |    15 |       |       ||    15
         Chain mail        |    42 |    64 |    54 ||   160
         Plate armour      |       |       |    46 ||    46
  Dodge: Dodged            |    26 |    33 |    42 ||   101
  Block: Buckler           |    45 |    43 |    96 ||   184
         Reflection        |       |       |     3 ||     3

Table legend: (Time is in decaauts)
 A = Elapsed time spent in this place.
 B = Non-inter-level travel time spent in this place.
 C = Inter-level travel time spent in this place.
 D = Time resting spent in this place.
 E = Time spent auto-exploring this place.
 F = Levels seen in this place.
 G = Mean time per level.
                   A        B        C        D        E       F      G
               +--------+--------+--------+--------+--------+-----+--------+
         Total |   5268 |   5169 |     99 |    627 |   3108 |   8 |  658.5 |
       Dungeon |   5268 |   5169 |     99 |    627 |   3108 |   8 |  658.5 |
               +--------+--------+--------+--------+--------+-----+--------+

Top non-repeatable levels by time:
     D:5: 1545 daAuts
     D:3: 981 daAuts
     D:2: 774 daAuts
     D:1: 747 daAuts
     D:4: 726 daAuts
     D:6: 348 daAuts
     D:9: 142 daAuts
     D:7: 1 daAuts
